 Dungeon Crawl Stone Soup version 0.23.2-1-ga50397a (webtiles) character file.

Game seed: 7070810008689550695

2098661 Kairos the Hoplite (level 27, 207/207 HPs)
             Began as a Halfling Hunter on Apr 22, 2019.
             Was the Champion of Okawaru.
             Escaped with the Orb
             ... and 4 runes!
             The game lasted 07:12:50 (90041 turns).

Kairos the Hoplite (Halfling Hunter)               Turns: 90041, Time: 07:12:51

Health: 207/207    AC: 44    Str: 31    XL:     27
Magic:  39/41      EV: 45    Int: 10    God:    Okawaru [******]
Gold:   2991       SH: 28    Dex: 35    Spells: 20/55 levels left

rFire    + + +     SeeInvis +   P - +9 fustibalus (velocity)
rCold    + + .     Gourm    .   Z - +5 shield {reflect}
rNeg     + + +     Faith    .   M - +13 chain mail of a bailey {Regen+ rCorr}
rPois    +         Spirit   .   D - +2 helmet {SInv}
rElec    +         Reflect  +   N - +2 cloak {rPois}
rCorr    +         Harm     .   Q - +3 pair of gauntlets of War {Slay+5}
MR       ++...                  c - +0 pair of boots of the Wild Haggis {Str+4}
Stlth    +++.......             B - amulet of Sojiysit {rElec rN+++ Regen+ Str+4 Int-2}
HPRegen  1.24/turn              v - ring of Fallacy {*Contam rF+ rC+ rN+}
MPRegen  0.27/turn              A - ring "Dehiuhodgh" {*Corrode rF+ Str+5 Int-2 Dex+2 Stlth+}

@: mighty, brilliant, agile, resistant, heroism, very slightly contaminated,
hasted, invisible, very quick
A: small, mutation resistance 1, subdued magic 1
0: Orb of Zot
}: 4/15 runes: decaying, silver, abyssal, gossamer
a: Heroism, Finesse, Renounce Religion


You escaped.
You worshipped Okawaru.
Okawaru was exalted by your worship.
You were not hungry.

You visited 10 branches of the dungeon, and saw 52 of its levels.
You visited the Abyss 1 time.
You visited 1 bazaar.
You visited 1 ziggurat, and saw 14 of its levels.
You also visited: Sewer, Gauntlet and Ice Cave.

You collected 10372 gold pieces.
You spent 7381 gold pieces at shops.

Inventory:

Hand Weapons
 P - a +9 fustibalus of velocity (weapon)
 S - the +8 short sword "Ganejaurch" {drain, rF+ rN+ Str-5}
   (You found it on level 3 of the Elven Halls)

   A truly terrible weapon, it drains the life of those it strikes.
   It affects your strength (-5).
   It protects you from fire.
   It protects you from negative energy.
 V - a +9 fustibalus of freezing
Missiles
 d - 323 sling bullets (quivered)
 e - 655 stones
 J - 5 silver tomahawks
 L - 8 tomahawks of dispersal
Armour
 c - the +0 pair of boots of the Wild Haggis (worn) {Str+4}
   (Okawaru gifted it to you on level 1 of the Elven Halls)

   It affects your strength (+4).
 m - the +4 troll leather armour of Dim Light {rPois MR++ Regen+ Str-3 Dex-2}
   (You bought it in a shop on level 2 of the Orcish Mines)

   It affects your strength (-3).
   It affects your dexterity (-2).
   It protects you from poison.
   It affects your resistance to hostile enchantments.
   It increases your rate of regeneration.
 D - a +2 helmet of see invisible (worn)
 M - the +13 chain mail of a bailey (worn) {Regen+ rCorr}
   (You found it on level 3 of a ziggurat)

   It increases your rate of regeneration.
   It provides partial protection from all sources of acid and corrosion.
 N - a +2 cloak of poison resistance (worn)
 Q - the +3 pair of gauntlets of War (worn) {Slay+5}
   (You bought it in a shop on level 2 of the Orcish Mines)

   It affects your accuracy and damage with ranged weapons and melee attacks
   (+5).
 Y - +1 fire dragon scales
 Z - a +5 shield of reflection (worn)
Jewellery
 u - the ring of Gieran {rC+ MR+}
   (You took it off an orc warrior on level 5 of the Vaults)

   [ring of protection from cold]

   It protects you from cold.
   It affects your resistance to hostile enchantments.
 v - the ring of Fallacy (left hand) {*Contam rF+ rC+ rN+}
   (You took it off a vampire mage on level 3 of the Crypt)

   [ring of positive energy]

   It protects you from fire.
   It protects you from cold.
   It protects you from negative energy.
   It causes magical contamination when unequipped.
 A - the ring "Dehiuhodgh" (right hand) {*Corrode rF+ Str+5 Int-2 Dex+2 Stlth+}
   (You acquired it on level 3 of the Realm of Zot)

   [ring of protection from fire]

   It affects your strength (+5).
   It affects your intelligence (-2).
   It affects your dexterity (+2).
   It protects you from fire.
   It may corrode you when you take damage.
   It makes you more stealthy.
 B - the amulet of Sojiysit (around neck) {rElec rN+++ Regen+ Str+4 Int-2}
   (You found it on level 4 of the Swamp)

   [amulet of regeneration]

   It affects your strength (+4).
   It affects your intelligence (-2).
   It insulates you from electricity.
   It renders you almost immune to negative energy.
   It increases your rate of regeneration.
Wands
 t - a wand of disintegration (43)
 C - a wand of iceblast (53)
 F - a wand of random effects (53)
 K - a wand of acid (18)
 O - a wand of clouds (4)
 T - a wand of digging (10)
 W - a wand of paralysis (40)
Scrolls
 b - 4 scrolls of summoning
 g - 11 scrolls of immolation
 j - 25 scrolls of remove curse
 x - 3 scrolls of silence
 y - 9 scrolls of fog
 z - 10 scrolls of teleportation
 E - 5 scrolls of magic mapping
 H - 2 scrolls of identify
 I - 4 scrolls of fear
 R - 5 scrolls of holy word
 U - 4 scrolls of blinking
Potions
 a - 4 potions of haste
 h - 5 potions of magic
 i - 5 potions of agility
 k - 13 potions of curing
 l - 8 potions of ambrosia
 n - 4 potions of invisibility
 o - 3 potions of berserk rage
 p - 6 potions of lignification
 q - 11 potions of flight
 s - 3 potions of heal wounds
 w - 5 potions of might
 G - 7 potions of brilliance
 X - 5 potions of cancellation
Comestibles
 f - 70 rations


   Skills:
 - Level 21.7(26.7) Fighting
 + Level 5.3(10.3) Short Blades
 - Level 14.0(19.0) Slings
 + Level 17.1(22.1) Armour
 + Level 23.6(27) Dodging
 + Level 14.7(19.7) Stealth
 - Level 23.9(27) Shields
 * Level 14.5 Spellcasting
 - Level 7.7 Charms
 * Level 14.3 Summonings
 + Level 6.2 Necromancy
 - Level 6.6 Translocations
 - Level 8.0 Invocations
 - Level 4.1 Evocations


You had 20 spell levels left.
You knew the following spells:

 Your Spells              Type           Power        Failure   Level  Hunger
a - Aura of Abjuration    Summ           ####......   1%          5    #####..
b - Regeneration          Chrm/Necr      ###.......   1%          3    #......
c - Blink                 Tloc           N/A          1%          2    None
d - Portal Projectile     Hex/Tloc       ###...       1%          3    #......
e - Summon Demon          Summ           ####......   1%          5    #####..
f - Apportation           Tloc           ###...       1%          1    None
g - Passage of Golubria   Tloc           N/A          1%          4    ###....
h - Swiftness             Chrm/Air       ###.....     1%          2    None
i - Summon Lightning Spi  Summ/Air       ###.....     1%          4    ###....
j - Shadow Creatures      Summ           N/A          1%          6    ######.

Your spell library contained the following spells:

 Spells                   Type           Power        Failure   Level  Hunger
 Animate Skeleton         Necr           N/A          1%          1    None
 Infusion                 Chrm           ###.         1%          1    None
 Summon Butterflies       Summ           ####....     1%          1    None
 Summon Small Mammal      Summ           ####         1%          1    None
 Call Imp                 Summ           ####....     1%          2    None
 Corpse Rot               Necr           N/A          1%          2    None
 Shroud of Golubria       Chrm/Tloc      ###.......   1%          2    None
 Song of Slaying          Chrm           ###.....     1%          2    None
 Sublimation of Blood     Necr           ###.......   1%          2    None
 Call Canine Familiar     Summ           ####....     1%          3    #......
 Lesser Beckoning         Tloc           ###.......   1%          3    #......
 Ozocubu's Armour         Chrm/Ice       ###.....     1%          3    #......
 Recall                   Summ/Tloc      N/A          1%          3    #......
 Spectral Weapon          Hex/Chrm       ###.....     1%          3    #......
 Summon Guardian Golem    Hex/Summ       ###.....     1%          3    #......
 Summon Ice Beast         Ice/Summ       ###.....     1%          4    ###....
 Summon Forest            Summ/Tloc      ####......   1%          5    #####..
 Beastly Appendage        Tmut           ##....       2%          1    None
 Confusing Touch          Hex            ##....       2%          1    None
 Corona                   Hex            ##.....      2%          1    None
 Flame Tongue             Conj/Fire      ##...        2%          1    None
 Freeze                   Ice            ##..         2%          1    None
 Magic Dart               Conj           ##..         2%          1    None
 Sandblast                Erth           ##....       2%          1    None
 Sting                    Conj/Pois      ##..         2%          1    None
 Ensorcelled Hibernation  Hex/Ice        ##....       3%          2    None
 Passwall                 Tmut/Erth      ##......     3%          2    None
 Poisonous Vapours        Pois/Air       ##....       3%          2    None
 Searing Ray              Conj           ##....       3%          2    None
 Slow                     Hex            ##......     3%          2    None
 Sticks to Snakes         Tmut           ##......     3%          2    None
 Throw Flame              Conj/Fire      ##....       3%          2    None
 Throw Frost              Conj/Ice       ##....       3%          2    None
 Excruciating Wounds      Chrm/Necr      ###.......   3%          5    #####..
 Summon Mana Viper        Hex/Summ       ###.....     3%          5    #####..
 Agony                    Necr           ###.....     4%          5    #####..
 Dispel Undead            Necr           ###.....     4%          5    #####..
 Monstrous Menagerie      Summ           ####......   4%          7    #######
 Summon Greater Demon     Summ           ####......   4%          7    #######
 Summon Hydra             Summ           ####......   4%          7    #######
 Confuse                  Hex            ##......     6%          3    #......
 Conjure Flame            Conj/Fire      ##......     6%          3    #......
 Dazzling Spray           Conj/Hex       ##....       6%          3    #......
 Inner Flame              Hex/Fire       ##......     6%          3    #......
 Mephitic Cloud           Conj/Pois/Air  ##......     6%          3    #......
 Spider Form              Tmut/Pois      ##........   6%          3    #......
 Static Discharge         Conj/Air       ##......     6%          3    #......
 Stone Arrow              Conj/Erth      ##....       6%          3    #......
 Tukima's Dance           Hex            ##......     6%          3    #......
 Iskenderun's Battlesphe  Conj/Chrm      ###.....     12%         5    #####..
 Bolt of Draining         Conj/Necr      ###.......   14%         5    #####..
 Borgnjor's Vile Clutch   Necr/Erth      ###.......   14%         5    #####..
 Cause Fear               Hex            ##........   19%         4    ###....
 Fulminant Prism          Conj/Hex       ##........   19%         4    ###....
 Ice Form                 Ice/Tmut       ##......     19%         4    ###....
 Leda's Liquefaction      Hex/Erth       ##........   19%         4    ###....
 Olgreb's Toxic Radiance  Pois           ##......     19%         4    ###....
 Petrify                  Tmut/Erth      ##......     19%         4    ###....
 Sticky Flame             Conj/Fire      ##......     19%         4    ###....
 Throw Icicle             Conj/Ice       ##......     19%         4    ###....
 Malign Gateway           Summ/Tloc      ####......   22%         7    #######
 Summon Horrible Things   Summ           ####......   32%         8    #######
 Alistair's Intoxication  Tmut/Pois      ##......     43%         5    #####..
 Blade Hands              Tmut           ##........   43%         5    #####..
 Bolt of Magma            Conj/Fire/Erth ##........   43%         5    #####..
 Fireball                 Conj/Fire      ##........   43%         5    #####..
 Irradiate                Conj/Tmut      ##........   43%         5    #####..
 Lee's Rapid Deconstruct  Erth           ##........   43%         5    #####..
 Lightning Bolt           Conj/Air       ##........   43%         5    #####..
 Silence                  Hex/Air        ##........   43%         5    #####..
 Venom Bolt               Conj/Pois      ##........   43%         5    #####..
 Yara's Violent Unravell  Hex/Tmut       ##........   43%         5    #####..
 Deflect Missiles         Chrm/Air       ###.......   45%         6    ######.
 Simulacrum               Ice/Necr       ###.......   56%         6    ######.
 Bolt of Fire             Conj/Fire      ##........   90%         6    ######.
 Conjure Ball Lightning   Conj/Air       ##........   90%         6    ######.
 Darkness                 Hex            ##........   90%         6    ######.
 Freezing Cloud           Conj/Ice/Air   ##........   90%         6    ######.
 Hydra Form               Tmut           ##........   90%         6    ######.
 Invisibility             Hex            ##......     90%         6    ######.
 Iron Shot                Conj/Erth      ##........   90%         6    ######.
 Poison Arrow             Conj/Pois      ##........   90%         6    ######.
 Statue Form              Tmut/Erth      ##.......    90%         6    ######.
 Ring of Flames           Chrm/Fire      ###.......   92%         7    #######
 Dragon's Call            Summ           ####......   98%         9    #######
 Dragon Form              Tmut           ##........   100%        7    #######
 Chain Lightning          Conj/Air       ##........   100%        8    #######
 Discord                  Hex            ##........   100%        8    #######
 Ignition                 Fire           ##........   100%        8    #######
 Lehudib's Crystal Spear  Conj/Erth      ##........   100%        8    #######
 Fire Storm               Conj/Fire      ##........   100%        9    #######
 Glaciate                 Conj/Ice       ##........   100%        9    #######
 Shatter                  Erth           ##........   100%        9    #######
 Tornado                  Air            ##........   100%        9    #######


Dungeon Overview and Level Annotations

Branches:
Dungeon (15/15)            Temple (0/1) D:6            Lair (6/6) D:8
  Swamp (4/4) Lair:3       Spider (4/4) Lair:2        Slime (0/5) Lair:6
    Orc (2/2) D:11            Elf (3/3) Orc:2        Vaults (5/5) D:13
  Crypt (3/3) Vaults:2       Tomb (0/3) Crypt:3      Depths (5/5) D:15
    Zot (5/5) Depths:5

Altars:
Dithmenos
Elyvilon
Gozag
Kikubaaqudgha
Makhleb
Nemelex Xobeh
Okawaru
Ru
Vehumet
Yredelemnul
The Shining One
Jiyva

Shops:
D:7 }   D:8 (   Orc:2 =*([   Vaults:2 *(!   Vaults:4 [([(   Depths:1 **
Depths:3 *   Depths:5 ?[(

Portals:
Hell: Depths:1 Depths:2 Depths:3 Depths:4 Depths:5
Abyss: Depths:4 Depths:5
Pandemonium: Depths:1 Depths:2 Depths:3 Depths:5
Trove: Depths:1 (give 16 scrolls of teleportation)

Annotations:
Lair:6 1 runed translucent door
Elf:1 9 runed translucent doors, bmj180's ghost, adept HOAK


Innate Abilities, Weirdness & Mutations

You are small and have problems with some larger weapons.
You are somewhat resistant to further mutation.
Your spells are a little easier to cast, but a little less powerful.


Message History

You climb upwards.
There is a stone staircase leading down here.
Evoke which item? (* to show all) (? for menu, Esc to quit)
Aiming: Dig
Press: ? - help, Shift-Dir - straight line A rock wall.
This square is covered in magical glow.
The rock shatters into small pieces.
There is a staircase leading out of the dungeon here.
You feel yourself speed up.
Your magic is already full.
You feel agile all of a sudden.
You fade into invisibility!
You are very lightly contaminated with residual magic.
You feel protected.
You feel very mighty all of a sudden.
You feel clever all of a sudden.
Okay, then.
You gain the combat prowess of a mighty hero.
You have escaped!

.## #....# #...##.# ..# #....#
#...##.# #.##
#....#########...##.# #..#
#####.#..........##.#
...#########.......#...##.#
#.................##...##.#
.....#............##...##.####
#....#....................†..#
........##..##>#@#..##.......#
#....##.....#####............#
##...##.##.## ##.##.......#
#...##.>### ###........#
#......##.## ##.##)......#
#...##.....######..†.......†#
######.##..#.#>##..##.......#
#(.....†...............#
#########..............#


There were no monsters in sight!

Vanquished Creatures
  2 orbs of fire (Zot:5)
  9 ancient liches
  4 juggernauts
  A greater mummy (Zig:12)
  5 Killer Klowns
  9 golden dragons
  A curse toe (Zot:2)
  A pearl dragon (Zig:5)
  A bone dragon (Abyss:2)
  2 Tzitzimimeh
  Arachne (Spider:3)
  Jory (Vaults:4)
  2 electric golems
  Rupert (Lair:3)
  2 Ice Fiends (IceCv)
  9 liches
  17 tentacled monstrosities
  3 deep elf blademasters
  27 Orb Guardians
  A deep elf master archer (Elf:3)
  4 quicksilver dragons
  2 acid blobs (Zig:13)
  5 titans
  8 tentacled starspawn
  12 sphinxes
  3 ancient champions
  5 death cobs
  Kirke (Spider:4)
  5 thorn hunters
  9 shadow dragons
  A nagaraja (Zig:4)
  A revenant (Crypt:3)
  5 draconian monks
  6 tengu reavers
  Donald (Elf:1)
  13 storm dragons
  An azure jelly (Zig:13)
  2 daevas
  A draconian knight (Zot:4)
  8 frost giants
  7 ghost moths
  9 fire giants
  5 deep elf sorcerers
  A juggernaut zombie (Depths:2)
  7 draconian scorchers
  An angel (Abyss:4)
  Louise (Swamp:1)
  7 ghouls
  3 curse skulls
  7 deep elf elementalists
  18 vault wardens
  2 orc warlords (Orc:2)
  A balrug (Depths:4)
  3 iron dragons
  24 very ugly things
  7 draconian shifters
  A draconian stormcaller (Zot:3)
  20 stone giants
  6 emperor scorpions
  3 draconian annihilators
  A reaper (Crypt:3)
  5 spriggan defenders
  14 ironheart preservers
  2 ophanim (Zig:5)
  5 deep elf demonologists
  An apis (Zig:5)
  8 entropy weavers
  15 vampire knights
  8 green draconians
  3 lorocyprocas
  The ghost of crawlian the Blocker, a journeyman FoFi of Okawaru (Lair:3)
  13 red draconians
  A minotaur (Gauntlet)
  4 purple draconians
  13 black draconians
  9 white draconians
  8 deep elf annihilators
  11 yellow draconians
  8 spark wasps
  5 dire elephants
  Snorg (Lair:6)
  An eidolon (Crypt:3)
  11 deep elf death magi
  The ghost of Fuxod the Fighter, a journeyman GnWn of Xom (Lair:3)
  2 merfolk javelineers
  12 fire dragons
  A death ooze (Zig:13)
  9 jiangshi
  The ghost of Jeban the Spear-Bearer, a journeyman OpFi of Gozag (Lair:5)
  Josephine (Swamp:1)
  15 great orbs of eyes
  11 ettins
  2 merfolk impalers
  10 deep elf high priests
  16 yaktaur captains
  29 vault guards
  8 ice dragons
  29 hydras
  The ghost of jazmu the Thaumaturge, a journeyman OpFE of Sif Muna (Lair:3)
  Erolcha (Orc:2)
  7 rakshasas
  Harold (D:7)
  2 catoblepae
  6 spriggan air magi
  2 naga warriors (Zig:3)
  An anaconda (Lair:6)
  A merfolk avatar (Zig:7)
  2 merfolk aquamancers (Zig:7)
  6 shambling mangroves
  Erica (Orc:1)
  2 ghost crabs
  8 centaur warriors
  41 two-headed ogres
  4 death knights
  The ghost of Karim the Nimble, a journeyman FeFi of Uskayaw (Lair:3)
  41 dancing weapons
  16 alligators
  3 spriggan berserkers
  3 death scarabs (Zig:12)
  5 tengu warriors
  14 vampire magi
  9 deep troll shamans
  13 ogre magi
  7 deep troll earth magi
  8 thrashing horrors
  7 storm dragon zombies
  4 orc high priests
  A hell hog (Depths:1)
  A titan zombie (Crypt:3)
  24 deep elf knights
  4 hell knights
  6 wretched stars
  Urug (D:13)
  6 soul eaters
  The ghost of poxu the Blocker, a novice MiFi of Okawaru (D:8)
  A sun demon (Depths:4)
  5 iron trolls
  6 shadow wraiths
  Sonja (Lair:6)
  An iron troll (shapeshifter) (Vaults:5)
  2 storm dragon skeletons
  4 golden dragon zombies (Crypt:3)
  5 sixfirhies
  5 unseen horrors
  2 entropy weaver zombies
  15 skeletal warriors
  3 spatial maelstroms
  A ghost moth zombie (Crypt:3)
  17 swamp dragons
  A deep troll (shapeshifter) (Vaults:4)
  A gelid demonspawn (Depths:1)
  7 flayed ghosts
  4 spriggan druids
  29 deep trolls
  10 starcursed masses
  5 glowing orange brains
  A death drake (Abyss:4)
  14 deep elf archers
  2 wizards
  A lindwurm (Lair:1)
  16 orc knights
  15 ironbrand convokers
  An anaconda skeleton (Crypt:1)
  16 phantasmal warriors
  A shadow dragon zombie (Abyss:4)
  A harpy (shapeshifter) (Vaults:4)
  11 necromancers
  A sphinx zombie (Depths:2)
  11 harpies
  56 deep elf magi
  12 orb spiders
  11 orc sorcerers
  2 mana vipers
  31 ugly things
  25 wolf spiders
  3 manticores
  A stone giant zombie (Depths:2)
  6 cyclopes
  28 moths of wrath
  A manticore (shapeshifter) (Elf:3)
  2 ice statues (IceCv)
  A cyclops (shapeshifter) (Depths:4)
  A shock serpent zombie (Crypt:3)
  A sphinx skeleton (Vaults:2)
  12 elephants
  Maurice (Orc:2)
  6 worldbinders
  A water nymph (shapeshifter) (Depths:4)
  3 water nymphs
  3 guardian serpents
  2 eyes of devastation (Zig:13)
  A rust devil (Depths:2)
  15 vault sentinels
  2 fire giant skeletons
  3 black mambas
  An elephant slug zombie (Crypt:3)
  2 naga magi
  A salamander (shapeshifter) (Vaults:5)
  5 smoke demons
  A torpor snail (shapeshifter) (D:15)
  2 apocalypse crabs
  4 gargoyles
  2 centaur zombies
  17 spiny frogs
  An orange demon (Depths:1)
  A white draconian zombie (Crypt:3)
  3 torpor snails
  6 komodo dragons
  40 yaktaurs
  2 dire elephant skeletons (Crypt:1)
  5 spectral swamp worms (Depths:3)
  5 centaur skeletons
  A rime drake (shapeshifter) (Elf:3)
  A yaktaur (shapeshifter) (Vaults:5)
  A spark wasp simulacrum (Depths:3)
  9 demonic crawlers
  4 rime drakes
  13 freezing wraiths
  4 hellwings
  A komodo dragon (shapeshifter) (Vaults:3)
  2 tormentors
  3 red devils
  5 ancient zymes
  A human skeleton (Vaults:2)
  14 ice devils (IceCv)
  2 polar bears (shapeshifter)
  5 guardian mummies (Crypt:3)
  2 queen bees (shapeshifter)
  9 trolls
  A meliai (shapeshifter) (Elf:2)
  3 tengu conjurers
  35 jumping spiders
  8 merfolk
  A polar bear (Lair:5)
  A troll (shapeshifter) (D:15)
  2 wind drakes (Zig:7)
  A wind drake (shapeshifter) (Vaults:3)
  A jumping spider (shapeshifter) (Vaults:3)
  8 tyrant leeches
  41 slime creatures
  A death drake zombie (Crypt:1)
  A death drake skeleton (Crypt:3)
  2 hippogriffs (shapeshifter)
  A dream sheep (shapeshifter) (Depths:2)
  36 hornets
  14 raiju
  6 blink frogs
  16 bog bodies
  2 ettin zombies
  8 hippogriffs
  13 flying skulls
  3 air elementals
  A spriggan (shapeshifter) (Depths:2)
  11 shadows
  71 redbacks
  12 water elementals
  An alligator skeleton (Crypt:1)
  2 ice dragon skeletons (Crypt:1)
  39 yaks
  8 wyverns
  2 ettin skeletons (Crypt:1)
  Sigmund (D:4)
  7 ynoxinuls
  20 spriggans
  47 tarantellas
  2 yaks (shapeshifter)
  23 vampires
  4 fire bats (Abyss:4)
  2 golden eyes (shapeshifter)
  16 humans
  12 wraiths
  A basilisk (Lair:6)
  2 fire elementals
  4 hogs (Spider:4)
  3 neqoxecs
  A tyrant leech zombie (Crypt:2)
  12 chaos spawn
  4 golden eyes (Abyss:3)
  3 hungry ghosts
  6 vampire mosquitoes
  Menkaure (D:7)
  A merfolk zombie (Crypt:2)
  16 large abominations
  6 insubstantial wisps (Swamp:1)
  A soldier ant (D:8)
  4 wargs
  15 swamp worms
  A naga (Zig:4)
  9 hell hounds (Depths:1)
  2 spatial vortices
  11 water moccasins
  A hydra simulacrum (Lair:5)
  4 porcupines
  15 swamp drakes
  3 acid dragons (Vaults:2)
  A monstrous demonspawn skeleton (Abyss:2)
  3 black bears (shapeshifter)
  2 hornet zombies
  6 ice beasts
  23 ogres
  A black bear (D:13)
  An eye of draining (shapeshifter) (D:15)
  6 eyes of draining
  2 snapping turtle zombies
  A black mamba simulacrum (Abyss:3)
  13 boggarts
  5 sky beasts
  48 orc warriors
  3 phantoms
  27 centaurs
  14 necrophages
  19 wolves
  14 crocodiles
  A manticore skeleton (Crypt:1)
  2 big kobolds
  An elf zombie (Crypt:2)
  A hog skeleton (Crypt:1)
  17 bullfrogs
  A cyclops zombie (Crypt:1)
  An earth elemental (Elf:2)
  A wyvern zombie (D:9)
  A human simulacrum (Vaults:2)
  A rime drake skeleton (Crypt:3)
  A spiny frog simulacrum (Lair:5)
  A hornet simulacrum (D:14)
  A water moccasin skeleton (D:6)
  A blink frog simulacrum (Lair:5)
  9 killer bees
  5 scorpions
  A yak zombie (Crypt:3)
  A dream sheep simulacrum (Lair:5)
  An elephant simulacrum (Lair:5)
  5 wights (D:10)
  8 electric eels
  2 howler monkeys
  15 crimson imps
  A wolf skeleton (Crypt:2)
  A bullfrog zombie (D:9)
  A komodo dragon simulacrum (Lair:5)
  3 quasits
  12 small abominations
  A wyvern simulacrum (Gauntlet)
  A black bear zombie (Crypt:1)
  11 hounds
  4 bullfrog skeletons
  3 jellies
  21 orc priests
  3 iron imps
  Crazy Yiuf (D:7)
  7 iguanas
  25 orc wizards
  15 worker ants
  A killer bee zombie (Crypt:1)
  A big kobold zombie (Crypt:3)
  3 bullfrog simulacra (Gauntlet)
  A deep dwarf skeleton (Crypt:3)
  2 hound zombies
  8 mummies
  A demigod skeleton (Crypt:3)
  A howler monkey zombie (D:8)
  Robin (D:4)
  21 gnolls
  A naga simulacrum (Crypt:1)
  18 adders
  9 shadow imps
  9 white imps
  12 ufetubi
  2 oozes
  An adder skeleton (D:4)
  An adder zombie (D:9)
  7 worms
  A barachi skeleton (Crypt:3)
  5 dart slugs
  7 leopard geckos
  93 orcs
  2 ball pythons (D:1)
  4 bats
  14 giant cockroaches
  13 hobgoblins
  13 jackals
  7 quokkas
  7 frilled lizards
  14 goblins
  16 kobolds
  A leopard gecko skeleton (Crypt:1)
  19 rats
  12 crawling corpses
  5 fungi
  4 plants
  3 starspawn tentacles
2831 creatures vanquished.

Vanquished Creatures (collateral kills)
  An electric golem (Zot:5)
  A spectral stone giant (Zig:6)
2 creatures vanquished.

Vanquished Creatures (others)
  An ancient lich (Zot:5)
  A Tzitzimitl (Zig:6)
  A fire giant (Depths:4)
  A vault warden (Vaults:4)
  A deep elf elementalist (Elf:3)
  5 stone giants
  A green draconian (Zot:2)
  A deep elf high priest (Vaults:5)
  A rakshasa (Abyss:4)
  A yaktaur captain (Vaults:2)
  A shambling mangrove (Abyss:4)
  5 centaur warriors
  An ogre mage (Vaults:4)
  A deep elf knight (Elf:2)
  2 deep elf archers
  2 deep elf magi
  4 cyclopes
  A manticore (D:14)
  A black mamba (Zig:4)
  A spiny frog (Zig:11)
  11 yaktaurs
  A komodo dragon (shapeshifter) (D:15)
  2 hornets (Zig:11)
  A raiju (Abyss:4)
  A small abomination (Abyss:4)
  A neqoxec (Abyss:4)
  An orc warrior (Zig:14)
  3 ogres
  3 white imps (IceCv)
  2 ufetubi (IceCv)
  An orc (Vaults:5)
  A quokka (D:10)
  13 fungi
  3 plants
  26 starspawn tentacles
  8 toadstools (Lair:1)
  27 withered plants
138 creatures vanquished.

Grand Total: 2971 creatures vanquished

Notes
Turn   | Place    | Note
-------+----------+-------------------------------------------
     0 | D:1      | Kairos the Halfling Hunter began the quest for the Orb.
     0 | D:1      | Reached XP level 1. HP: 14/14 MP: 1/1
    57 | D:1      | Reached XP level 2. HP: 19/19 MP: 2/2
   230 | D:1      | Reached XP level 3. HP: 20/24 MP: 3/3
   790 | D:2      | Found a glowing golden altar of the Shining One.
   863 | D:2      | Reached XP level 4. HP: 29/29 MP: 4/4
   875 | D:2      | Found an iron altar of Okawaru.
   886 | D:2      | Found a radiant altar of Vehumet.
  1304 | D:2      | Reached skill level 1 in Armour
  1304 | D:2      | Reached XP level 5. HP: 25/35 MP: 5/5
  1862 | D:2      | Became a worshipper of Warmaster Okawaru
  2642 | D:3      | Found a sparkling altar of Nemelex Xobeh.
  2813 | D:3      | Reached XP level 6. HP: 41/41 MP: 6/6
  3405 | D:4      | Noticed Robin
  3638 | D:4      | Noticed Sigmund
  3780 | D:4      | Killed Robin
  4548 | D:4      | Killed Sigmund
  4548 | D:4      | Reached * piety under Okawaru
  4548 | D:4      | Reached skill level 10 in Slings
  4548 | D:4      | Reached XP level 7. HP: 23/46 MP: 4/7
  4632 | D:5      | Entered Level 5 of the Dungeon
  4729 | D:5      | Found a burning altar of Makhleb.
  4977 | D:5      | Reached XP level 8. HP: 23/52 MP: 2/8
  5644 | D:5      | Reached ** piety under Okawaru
  6296 | D:5      | Reached XP level 9. HP: 59/60 MP: 7/9
  6472 | D:6      | Reached skill level 5 in Fighting
  6835 | D:6      | Reached skill level 1 in Invocations
  6979 | D:6      | Found a glowing drain.
  6992 | Sewer    | Entered a sewer
  7179 | Sewer    | Found a glowing silver altar of Zin.
  7346 | D:6      | Found a staircase to the Ecumenical Temple.
  7397 | D:6      | Reached *** piety under Okawaru
  7857 | D:7      | Noticed Menkaure
  7867 | D:7      | Killed Menkaure
  7867 | D:7      | Reached skill level 5 in Armour
  8017 | D:7      | Noticed Harold
  8029 | D:7      | Found Zuma's Gadget Boutique.
  8409 | D:7      | Found a sacrificial altar of Ru.
  8837 | D:7      | Killed Harold
  8837 | D:7      | Reached **** piety under Okawaru
  8837 | D:7      | Reached XP level 10. HP: 30/71 MP: 0/12
  9275 | D:7      | Found a runed translucent door.
  9276 | D:7      | Noticed Crazy Yiuf
  9282 | D:7      | Killed Crazy Yiuf
  9793 | D:8      | Found a large runed translucent door.
  9793 | D:8      | Found a large runed translucent door.
  9797 | D:8      | Noticed poxu's ghost (novice MiFi)
  9830 | D:8      | Received a gift from Okawaru
 10135 | D:8      | Reached skill level 5 in Stealth
 10457 | D:8      | Found a staircase to the Lair.
 10611 | D:8      | Reached ***** piety under Okawaru
 10719 | D:8      | Reached skill level 5 in Invocations
 10808 | D:8      | Found Bais's Antique Weapon Shop.
 10869 | D:8      | Received a gift from Okawaru
 11069 | D:8      | Reached XP level 11. HP: 24/78 MP: 3/14
 11292 | D:8      | Bought a glowing hunting sling for 148 gold pieces
 11677 | D:9      | Reached skill level 5 in Dodging
 11872 | D:9      | Found a white marble altar of Elyvilon.
 11999 | D:9      | Noticed a two-headed ogre
 12030 | D:9      | Killed a two-headed ogre
 12075 | D:9      | Found a shadowy altar of Dithmenos.
 12121 | D:9      | Received a gift from Okawaru
 12665 | D:10     | Entered Level 10 of the Dungeon
 12665 | D:10     | Found a shadowy altar of Dithmenos.
 12869 | D:10     | Reached skill level 10 in Fighting
 12980 | D:10     | Found a white marble altar of Elyvilon.
 13193 | D:10     | Noticed a two-headed ogre
 13236 | D:10     | Killed a two-headed ogre
 13902 | D:11     | Noticed a two-headed ogre
 13915 | D:11     | Killed a two-headed ogre
 13915 | D:11     | Reached XP level 12. HP: 89/89 MP: 17/17
 13916 | D:11     | Noticed a six-headed hydra
 14194 | D:11     | Noticed a two-headed ogre
 14209 | D:11     | Killed a two-headed ogre
 14265 | D:11     | Killed a six-headed hydra
 14265 | D:11     | Received a gift from Okawaru
 14494 | D:11     | Noticed a five-headed hydra
 14507 | D:11     | Killed a five-headed hydra
 14732 | D:11     | Found a staircase to the Orcish Mines.
 15802 | D:12     | Received a gift from Okawaru
 16238 | D:12     | Killed an unseen horror
 16527 | D:12     | Paralysed by an orc for 7 turns
 16623 | D:12     | Received a gift from Okawaru
 16784 | D:12     | Reached XP level 13. HP: 98/98 MP: 18/18
 16880 | D:12     | Noticed an eight-headed hydra
 17451 | D:12     | Received a gift from Okawaru
 17669 | D:12     | Received a gift from Okawaru
 17907 | Lair:1   | Entered Level 1 of the Lair of Beasts
 18386 | Lair:1   | Noticed a catoblepas
 18406 | Lair:1   | Found a runed translucent door.
 18629 | Lair:1   | Reached skill level 1 in Evocations
 18804 | Lair:2   | Reached skill level 1 in Shields
 18866 | Lair:2   | Received a gift from Okawaru
 18868 | Lair:2   | Found a hole to the Spider Nest.
 19174 | D:12     | Killed an eight-headed hydra
 19448 | Lair:2   | Received a gift from Okawaru
 20177 | Lair:3   | Received a gift from Okawaru
 20185 | Lair:3   | Got a silken robe {god gift}
 20196 | Lair:3   | Identified the +2 robe "Zianuwik" {-Cast MR++ Int+4 Slay+3}
                  | (Okawaru gifted it to you on level 3 of the Lair of Beasts)
 20423 | Lair:3   | Noticed Rupert
 20466 | Lair:3   | Killed Rupert
 20671 | Lair:3   | Reached ****** piety under Okawaru
 20941 | Lair:3   | Found a staircase to the Swamp.
 21018 | Lair:3   | Found a runed translucent gate.
 21018 | Lair:3   | Found a runed translucent gate.
 21019 | Lair:3   | Found a runed translucent gate.
 21020 | Lair:3   | Noticed Karim's ghost (journeyman FeFi)
 21021 | Lair:3   | Noticed crawlian's ghost (journeyman FoFi)
 21023 | Lair:3   | Found the +3 robe of Folly {Archmagi, MR-- Int+5}
 21027 | Lair:3   | Noticed jazmu's ghost (journeyman OpFE)
 21027 | Lair:3   | Noticed Fuxod's ghost (journeyman GnWn)
 21755 | Lair:4   | Reached XP level 14. HP: 107/107 MP: 20/20
 22849 | Lair:5   | Found a gate leading to a gauntlet.
 22895 | Gauntlet | Entered a Gauntlet
 22895 | Gauntlet | Found a transporter.
 22896 | Gauntlet | Found a large runed translucent door.
 22897 | Gauntlet | Found a large runed translucent door.
 22898 | Gauntlet | Found a large runed translucent door.
 22898 | Gauntlet | Found a large runed translucent door.
 22898 | Gauntlet | Found a runed translucent door.
 22898 | Gauntlet | Found a runed translucent door.
 22899 | Gauntlet | Found a large runed translucent door.
 22900 | Gauntlet | Found a large runed translucent door.
 22901 | Gauntlet | Found a large runed translucent door.
 22901 | Gauntlet | Found a large runed translucent door.
 22902 | Gauntlet | Found a runed translucent gate.
 22902 | Gauntlet | Found a runed translucent gate.
 22902 | Gauntlet | Found a runed translucent gate.
 22904 | Gauntlet | Found a transporter.
 22913 | Gauntlet | Found a large runed translucent door.
 22913 | Gauntlet | Found a large runed translucent door.
 22914 | Gauntlet | Found a large runed translucent door.
 22915 | Gauntlet | Found a large runed translucent door.
 22919 | Gauntlet | Found a transporter.
 22924 | Gauntlet | Found a transporter.
 22939 | Gauntlet | Found a transporter.
 22958 | Gauntlet | Found a transporter.
 22970 | Gauntlet | Found a transporter.
 22982 | Gauntlet | Found a transporter.
 22994 | Gauntlet | Found a transporter.
 23000 | Gauntlet | Found a transporter.
 23000 | Gauntlet | Found a transporter.
 23014 | Gauntlet | Noticed a reaper
 23015 | Gauntlet | Found a transporter.
 23021 | Gauntlet | Found a transporter.
 23060 | Gauntlet | Found a transporter.
 23085 | Gauntlet | Found a transporter.
 23087 | Gauntlet | Found a transporter.
 23103 | Gauntlet | Found a large runed translucent door.
 23103 | Gauntlet | Found a large runed translucent door.
 23104 | Gauntlet | Found a large runed translucent door.
 23105 | Gauntlet | Found a large runed translucent door.
 23107 | Gauntlet | Found a transporter.
 23187 | Gauntlet | Found a transporter.
 23330 | Gauntlet | Reached skill level 5 in Shields
 23546 | Gauntlet | Received a gift from Okawaru
 23568 | Gauntlet | Got a warped hat
 23579 | Gauntlet | Identified the cursed +0 hat of Decompression {MR++ Dex-4}
                  | (You found it in a Gauntlet)
 23654 | Gauntlet | Identified the +3 plate armour of the Tarantula {rElec rF+
                  | rC- Dex+3}
 23654 | Gauntlet | Noticed a minotaur
 23688 | Gauntlet | Killed a minotaur
 23717 | Gauntlet | Identified Xikk's Almanac of Attacks
 23730 | Gauntlet | Reached skill level 1 in Spellcasting
 23730 | Gauntlet | Reached XP level 15. HP: 63/114 MP: 11/21
 24108 | Lair:5   | Got a pair of ancient gloves
 24119 | Lair:5   | Identified the cursed +0 pair of gloves "Tobe" {+Inv MR-
                  | rCorr Stlth+} (You found it on level 5 of the Lair of
                  | Beasts)
 24199 | Lair:5   | Received a gift from Okawaru
 24231 | Lair:5   | Got a shimmering fustibalus {god gift}
 24232 | Lair:5   | Identified the +3 fustibalus of Oozing Pus {flame, Dex+2}
                  | (Okawaru gifted it to you on level 5 of the Lair of Beasts)
 24351 | Lair:5   | Found a runed translucent gate.
 24351 | Lair:5   | Found a runed translucent gate.
 24351 | Lair:5   | Found a runed translucent gate.
 24686 | Lair:5   | Noticed Jeban's ghost (journeyman OpFi)
 24900 | Lair:5   | Killed Jeban's ghost
 25048 | Lair:5   | Got the ring "Kaicamn" {Fire}
 25050 | Lair:5   | Identified the ring "Kaicamn" {Fire rElec} (You found it on
                  | level 5 of the Lair of Beasts)
 25128 | Lair:6   | Entered Level 6 of the Lair of Beasts
 25130 | Lair:6   | Noticed Sonja
 25235 | Lair:6   | Reached skill level 10 in Stealth
 25373 | Lair:6   | Killed Sonja
 25373 | Lair:6   | Reached skill level 15 in Fighting
 25543 | Lair:6   | Received a gift from Okawaru
 25691 | Lair:6   | Noticed Snorg
 25706 | Lair:6   | Killed Snorg
 25738 | Lair:6   | Found a runed translucent door.
 25738 | Lair:6   | Found a viscous altar of Jiyva.
 25741 | Lair:6   | Found a staircase to the Slime Pits.
 25741 | Lair:6   | Noticed an acid blob
 25741 | Lair:6   | Noticed an acid blob
 25742 | Lair:6   | Noticed an acid blob
 26816 | Swamp:1  | Entered Level 1 of the Swamp
 26852 | Lair:3   | Reached XP level 16. HP: 82/122 MP: 17/22
 27010 | Swamp:1  | Received a gift from Okawaru
 27070 | Swamp:1  | Noticed a thorn hunter
 27090 | Swamp:1  | Killed a thorn hunter
 27434 | Swamp:1  | Received a gift from Okawaru
 27458 | Swamp:1  | Noticed Louise
 27503 | Swamp:1  | Killed Louise
 27520 | Swamp:1  | Got a coiled steel ring
 27522 | Swamp:1  | Identified the ring of Jawasysa {Str+2 Slay+1} (You found
                  | it on level 1 of the Swamp)
 28079 | Swamp:1  | Noticed Josephine
 28143 | Swamp:1  | Killed Josephine
 28524 | Swamp:2  | Reached skill level 10 in Armour
 28902 | Swamp:2  | Received a gift from Okawaru
 30545 | Swamp:3  | Reached skill level 10 in Dodging
 30642 | Swamp:3  | Reached XP level 17. HP: 131/131 MP: 23/23
 31203 | Swamp:3  | Noticed a thorn hunter
 31222 | Swamp:3  | Killed a thorn hunter
 31222 | Swamp:3  | Received a gift from Okawaru
 31517 | Swamp:4  | Entered Level 4 of the Swamp
 31546 | Swamp:4  | Got a flickering garnet amulet
 31547 | Swamp:4  | Identified the amulet of Sojiysit {rElec rN+++ Regen+ Str+4
                  | Int-2} (You found it on level 4 of the Swamp)
 31681 | Swamp:4  | Received a gift from Okawaru
 31694 | Swamp:4  | Identified the +14 chain mail of the Hall of Blades {rElec
                  | Int+2 Dex+4} (Okawaru gifted it to you on level 4 of the
                  | Swamp)
 32422 | Swamp:4  | Got a decaying rune of Zot
 32682 | Swamp:4  | Identified the -4 pair of gloves "Kikiez" {rCorr Int+8}
                  | (You found it on level 4 of the Swamp)
 33092 | Spider:1 | Entered Level 1 of the Spider Nest
 34238 | Spider:1 | Found a runed translucent door.
 34559 | Spider:1 | Identified the cursed +1 scale mail of Knowledge {*Contam
                  | rElec Int+6 Stlth+} (You found it on level 1 of the Spider
                  | Nest)
 34726 | Spider:1 | Reached XP level 18. HP: 135/142 MP: 24/24
 34732 | Spider:1 | Received a gift from Okawaru
 35300 | Spider:2 | Found a frozen archway.
 35324 | IceCv    | Entered an ice cave
 35718 | IceCv    | Received a gift from Okawaru
 36676 | IceCv    | Noticed an Ice Fiend
 36680 | IceCv    | Noticed an Ice Fiend
 36685 | IceCv    | HP: 6/143 [something (11)]
 36907 | IceCv    | Killed an Ice Fiend
 36961 | IceCv    | Killed an Ice Fiend
 36961 | IceCv    | Received a gift from Okawaru
 39139 | Spider:3 | Noticed Arachne
 39182 | Spider:3 | Killed Arachne
 39560 | Spider:4 | Entered Level 4 of the Spider Nest
 40424 | Spider:3 | Reached XP level 19. HP: 137/151 MP: 25/25
 40535 | Spider:4 | Received a gift from Okawaru
 40704 | Spider:4 | Noticed Kirke
 41018 | Spider:4 | Killed Kirke
 41018 | Spider:4 | Received a gift from Okawaru
 41402 | Spider:3 | Received a gift from Okawaru
 41928 | Spider:3 | Received a gift from Okawaru
 43158 | Spider:4 | Got a gossamer rune of Zot
 43616 | Lair:3   | Killed crawlian's ghost
 43652 | Lair:3   | Killed Fuxod's ghost
 43717 | Lair:3   | Killed jazmu's ghost
 43750 | Lair:3   | Killed Karim's ghost
 44318 | D:8      | Killed poxu's ghost
 44416 | Orc:1    | Entered Level 1 of the Orcish Mines
 44416 | Orc:1    | Noticed Erica
 44631 | Orc:1    | Killed Erica
 44823 | Orc:2    | Entered Level 2 of the Orcish Mines
 44823 | Orc:2    | Noticed Erolcha
 44834 | Orc:2    | Killed Erolcha
 44857 | Orc:2    | Found a staircase to the Elven Halls.
 45099 | Orc:2    | Paralysed by an orc sorcerer for 4 turns
 45143 | Orc:2    | Found Zaciamonn's Jewellery Boutique.
 45177 | Orc:2    | Bought a cursed -3 ring of evasion for 32 gold pieces
 45177 | Orc:2    | Bought a cursed -3 ring of slaying for 32 gold pieces
 45249 | Orc:2    | Noticed Maurice
 45394 | Orc:2    | Received a gift from Okawaru
 45478 | Orc:2    | Found Topnias's Antique Weapon Boutique.
 45587 | Orc:2    | Killed Maurice
 45667 | Orc:2    | Found Xieli's Antique Armour Boutique.
 45748 | Orc:2    | Bought a smoking hunting sling for 214 gold pieces
 45752 | Orc:2    | Identified the cursed +1 hunting sling of Embarrassment
                  | {venom, rElec rN++ Dex-3} (You bought it in a shop on level
                  | 2 of the Orcish Mines)
 45966 | Orc:2    | Bought the +3 pair of gauntlets of War {Slay+5} for 1140
                  | gold pieces
 45966 | Orc:2    | Found the +3 pair of gauntlets of War {Slay+5}
 46012 | Orc:2    | Found Puem's General Store.
 46351 | Orc:2    | Bought the +4 troll leather armour of Dim Light {rPois MR++
                  | Regen+ Str-3 Dex-2} for 617 gold pieces
 46398 | Orc:2    | Learned a level 5 spell: Aura of Abjuration
 46427 | Elf:1    | Entered Level 1 of the Elven Halls
 46708 | Elf:1    | Received a gift from Okawaru
 46717 | Elf:1    | Got a pair of blackened boots {god gift}
 46723 | Elf:1    | Identified the +0 pair of boots of the Wild Haggis {Str+4}
                  | (Okawaru gifted it to you on level 1 of the Elven Halls)
 46747 | Elf:1    | Noticed Donald
 46768 | Elf:1    | Killed Donald
 46768 | Elf:1    | Reached skill level 1 in Summonings
 46966 | Elf:1    | Reached XP level 20. HP: 141/160 MP: 26/26
 47167 | Elf:1    | Found a runed translucent gate.
 47167 | Elf:1    | Found a runed translucent gate.
 47167 | Elf:1    | Found a runed translucent gate.
 47167 | Elf:1    | Found a runed translucent gate.
 47167 | Elf:1    | Found a runed translucent gate.
 47171 | Elf:1    | Found a runed translucent gate.
 47292 | Elf:1    | Found a runed translucent gate.
 47293 | Elf:1    | Found a runed translucent gate.
 47294 | Elf:1    | Found a runed translucent gate.
 47312 | Elf:1    | Noticed bmj180's ghost (adept HOAK)
 47313 | Elf:1    | Found an iron altar of Okawaru.
 47313 | Elf:1    | Identified the +10 demon blade "Zevvec" {drain, *Noise rC+
                  | Dex+2}
 48094 | Elf:2    | Found a runed translucent gate.
 48094 | Elf:2    | Found a runed translucent gate.
 48100 | Elf:2    | Found a runed translucent gate.
 48505 | Elf:2    | Reached skill level 10 in Shields
 49075 | Elf:2    | Received a gift from Okawaru
 49152 | Elf:3    | Entered Level 3 of the Elven Halls
 49287 | Elf:3    | Received a gift from Okawaru
 49318 | Elf:3    | Identified the +5 hand axe of Midsummer {vamp, +Blink rElec
                  | Int-2 Stlth+}
 49379 | Elf:3    | Found a flickering gateway to a bazaar.
 49448 | Bazaar   | Entered a bazaar
 49448 | Bazaar   | Found Sento's Magic Scroll Emporium.
 49448 | Bazaar   | Found Biylontoj's Jewellery Shoppe.
 49448 | Bazaar   | Found Vairghoc's Gadget Shoppe.
 49448 | Bazaar   | Found Heatui's Antique Armour Emporium.
 49476 | Bazaar   | Bought a glowing helmet for 127 gold pieces
 49494 | Bazaar   | Bought a scroll of magic mapping for 49 gold pieces
 49494 | Bazaar   | Bought a scroll of teleportation for 42 gold pieces
 49494 | Bazaar   | Bought a scroll of fear for 49 gold pieces
 49494 | Bazaar   | Bought a scroll of enchant weapon for 105 gold pieces
 49494 | Bazaar   | Bought a scroll of enchant armour for 105 gold pieces
 49500 | Bazaar   | Bought a scroll of identify for 28 gold pieces
 49676 | Elf:3    | Received a gift from Okawaru
 49723 | Elf:3    | Identified a scroll of acquirement
 49727 | Elf:3    | Identified the amulet "Sophinge" {Acrobat rPois Str+4} (You
                  | acquired it on level 3 of the Elven Halls)
 50005 | Elf:3    | Reached XP level 21. HP: 135/165 MP: 24/27
 50111 | Elf:3    | Received a gift from Okawaru
 50131 | Elf:3    | HP: 5/165 [hellion/damnation[a deep elf demonologist] (24)]
 50506 | Elf:3    | Noticed a Tzitzimitl
 50728 | Elf:3    | Identified the amulet "Sustromm" {Spirit MR++ Str-5 Dex+3
                  | Stlth+} (You found it on level 3 of the Elven Halls)
 50788 | Elf:3    | Received a gift from Okawaru
 50807 | Elf:3    | Identified the Grimoire of Vitriolic Moulding
 50896 | Elf:3    | Got a faintly humming hat {god gift}
 50907 | Elf:3    | Identified the -5 hat "Amitso" {rElec rC+ Stlth+} (Okawaru
                  | gifted it to you on level 3 of the Elven Halls)
 50930 | Elf:3    | Got a shimmering dagger
 50931 | Elf:3    | Identified the cursed +2 dagger "Ymugox" {pain, Str+3} (You
                  | found it on level 3 of the Elven Halls)
 50969 | Elf:3    | Got a translucent short sword
 50970 | Elf:3    | Identified the +8 short sword "Ganejaurch" {drain, rF+ rN+
                  | Str-5} (You found it on level 3 of the Elven Halls)
 50994 | Elf:3    | Got a distressingly furry ring mail
 51005 | Elf:3    | Identified the +3 ring mail of Menanyam {rElec rF+ Str-4
                  | SInv} (You found it on level 3 of the Elven Halls)
 51084 | Elf:3    | Got an ivory rapier
 51085 | Elf:3    | Identified the +6 rapier "Cozxout" {freeze, *Drain +Inv
                  | rF+++ Int+4} (You found it on level 3 of the Elven Halls)
 51521 | D:13     | Found a gate to the Vaults.
 51521 | D:13     | Noticed Urug
 51618 | D:13     | Reached skill level 15 in Shields
 51752 | D:13     | Killed Urug
 52565 | D:13     | Got a fine rapier
 52566 | D:13     | Identified the +4 rapier of Sadwamit {pierce, Dex+2} (You
                  | found it on level 13 of the Dungeon)
 53018 | D:14     | Found a white marble altar of Elyvilon.
 53061 | D:14     | Got a transparent plate armour
 53072 | D:14     | Identified the cursed +0 plate armour of Marbles {rPois rC+
                  | Str-3 Stlth+} (You found it on level 14 of the Dungeon)
 53790 | Vaults:1 | Entered Level 1 of the Vaults
 54711 | Vaults:1 | Received a gift from Okawaru
 55258 | Vaults:2 | Reached XP level 22. HP: 172/172 MP: 28/28
 55351 | Vaults:2 | Received a gift from Okawaru
 55522 | Vaults:2 | Received a gift from Okawaru
 55647 | Vaults:2 | Received a gift from Okawaru
 55769 | Vaults:2 | Found Daneacvaenku's Antique Weapon Emporium.
 55778 | Vaults:2 | Bought a translucent hunting sling for 201 gold pieces
 55782 | Vaults:2 | Identified the +1 hunting sling "Uvadd" {freeze, +Blink}
                  | (You bought it in a shop on level 2 of the Vaults)
 55812 | Vaults:2 | Received a gift from Okawaru
 55841 | Vaults:2 | Found Lual's Distillery.
 55870 | Vaults:2 | Bought a potion of agility for 68 gold pieces
 55870 | Vaults:2 | Bought a potion of curing for 51 gold pieces
 55870 | Vaults:2 | Bought a potion of haste for 170 gold pieces
 55870 | Vaults:2 | Bought a potion of agility for 68 gold pieces
 55870 | Vaults:2 | Bought a potion of berserk rage for 85 gold pieces
 55870 | Vaults:2 | Bought a potion of heal wounds for 85 gold pieces
 56035 | Vaults:2 | Found a staircase to the Crypt.
 56035 | Vaults:2 | Found an ancient bone altar of Kikubaaqudgha.
 56036 | Vaults:2 | Found a basalt altar of Yredelemnul.
 56232 | Vaults:2 | Found Jiuc's General Store.
 56285 | Vaults:2 | Bought a scroll of identify for 44 gold pieces
 56285 | Vaults:2 | Bought a scroll of identify for 44 gold pieces
 56285 | Vaults:2 | Bought a scroll of fear for 77 gold pieces
 56493 | Vaults:3 | Identified the cursed +0 scale mail "Pouceaf" {-Tele Regen+
                  | Str+2 Stlth+} (You found it on level 3 of the Vaults)
 58061 | Vaults:4 | Noticed Jory
 58082 | Vaults:4 | Killed Jory
 58082 | Vaults:4 | Received a gift from Okawaru
 58101 | Vaults:4 | Identified the +0 pair of gloves "Xaqydi" {+Blink rC+ rN+
                  | Int+3} (Okawaru gifted it to you on level 4 of the Vaults)
 58117 | Vaults:4 | Reached XP level 23. HP: 132/178 MP: 29/29
 58432 | Vaults:4 | Found an opulent altar of Gozag.
 58432 | Vaults:4 | Found Gozag's Antique Weapon Shop.
 58432 | Vaults:4 | Found Gozag's Antique Armour Shop.
 58432 | Vaults:4 | Found Gozag's Antique Weapon Boutique.
 58623 | Vaults:4 | Found Buahurime's Antique Armour Shoppe.
 59903 | Orc:2    | Bought a scroll of enchant weapon for 105 gold pieces
 59903 | Orc:2    | Bought 3 scrolls of brand weapon for 840 gold pieces
 60138 | Vaults:5 | Entered Level 5 of the Vaults
 60362 | Vaults:4 | Received a gift from Okawaru
 60596 | Vaults:5 | Noticed an ancient lich
 60618 | Vaults:5 | Killed an ancient lich
 60618 | Vaults:5 | Reached XP level 24. HP: 131/185 MP: 29/29
 60665 | Vaults:5 | Received a gift from Okawaru
 60686 | Vaults:5 | Received a gift from Okawaru
 60762 | Vaults:5 | Received a gift from Okawaru
 60940 | Vaults:5 | Noticed a golden dragon
 60963 | Vaults:5 | Killed a golden dragon
 61220 | Vaults:5 | Identified the ring of Gieran {rC+ MR+}
 61353 | Vaults:5 | Received a gift from Okawaru
 61497 | Vaults:5 | Received a gift from Okawaru
 61532 | Vaults:5 | Received a gift from Okawaru
 61615 | Vaults:5 | Received a gift from Okawaru
 61625 | Vaults:5 | Identified the +1 chain mail "Qabao" {+Fly rCorr Str+3
                  | Dex+3 SInv} (Okawaru gifted it to you on level 5 of the
                  | Vaults)
 61679 | Vaults:5 | Identified the cursed +0 great sword "Oneisch" {flame,
                  | +Inv}
 62070 | Vaults:5 | Reached XP level 25. HP: 189/193 MP: 29/29
 62103 | Vaults:5 | Learned a level 3 spell: Regeneration
 62104 | Vaults:5 | Got a silver rune of Zot
 62336 | Vaults:5 | Reached skill level 1 in Charms
 62589 | Vaults:5 | Reached skill level 1 in Necromancy
 62656 | Vaults:5 | Identified the +0 pair of gloves of a treasure trove {rC+
                  | Int+3 Dex+3} (You found it on level 5 of the Vaults)
 63153 | Orc:2    | Bought a +4 ring of slaying for 1248 gold pieces
 63153 | Orc:2    | Bought a cursed ring of attention for 72 gold pieces
 63400 | Crypt:1  | Entered Level 1 of the Crypt
 64947 | Crypt:1  | Received a gift from Okawaru
 64953 | Crypt:1  | Identified the +0 quick blade "Tipequgh" {vamp, MP+9}
                  | (Okawaru gifted it to you on level 1 of the Crypt)
 65634 | Crypt:3  | Entered Level 3 of the Crypt
 65823 | Crypt:3  | Reached skill level 5 in Charms
 65936 | Crypt:3  | Received a gift from Okawaru
 66581 | Crypt:3  | Identified the ring of Fallacy {*Contam rF+ rC+ rN+}
 66590 | Crypt:3  | Reached XP level 26. HP: 185/201 MP: 29/30
 66722 | Crypt:3  | Reached skill level 5 in Spellcasting
 66858 | Crypt:3  | Identified the +4 hunting sling of Spite {venom, MR++}
 66877 | Crypt:3  | Identified the ring of Eschivol {rN+ Int+5 Dex+4}
 66959 | Crypt:3  | Received a gift from Okawaru
 66976 | Crypt:3  | Reached skill level 5 in Summonings
 67139 | Crypt:3  | Identified the +1 robe of the Good {+Inv} (You found it on
                  | level 3 of the Crypt)
 67142 | Crypt:3  | Identified the cursed +0 ring mail "Xetostru" {*Contam
                  | rPois SInv} (You found it on level 3 of the Crypt)
 67165 | Crypt:3  | Identified the +4 short sword of Crystal {venom, rElec
                  | rPois Dex+4} (You found it on level 3 of the Crypt)
 67246 | Crypt:3  | Identified the ring "Vixucw" {-Tele rN+ Str+6 Int-4 Dex+3}
                  | (You found it on level 3 of the Crypt)
 67452 | Crypt:3  | Identified the +6 chain mail of the Blacksmith {+Inv rPois
                  | rN+ Int-2} (You found it on level 3 of the Crypt)
 67601 | Crypt:3  | Found a staircase to the Tomb.
 67752 | Crypt:3  | Learned a level 2 spell: Blink
 68134 | D:15     | Entered Level 15 of the Dungeon
 68318 | D:15     | Reached skill level 1 in Translocations
 68413 | D:15     | Reached skill level 5 in Necromancy
 68992 | D:15     | Found a staircase to the Depths.
 69147 | Depths:1 | Entered Level 1 of the Depths
 69386 | Depths:1 | Found a one-way gate leading to the halls of Pandemonium.
 69502 | Depths:1 | Found Vulaehie's Changing Room.
 69615 | Depths:1 | Found a portal to a secret trove of treasure.
 69775 | Depths:1 | Found Sitappul's Elemental Accessories.
 69970 | Depths:1 | Found a gateway to Hell.
 70151 | Depths:2 | Received a gift from Okawaru
 70337 | Depths:2 | Received a gift from Okawaru
 70536 | Depths:2 | Reached skill level 5 in Translocations
 70935 | Depths:2 | Reached XP level 27. HP: 139/204 MP: 32/33
 70947 | Depths:2 | Received a gift from Okawaru
 71135 | Depths:2 | Identified the +0 leather armour "Bosuo" {rCorr} (You found
                  | it on level 2 of the Depths)
 71283 | Depths:2 | Found a gateway to a ziggurat.
 71846 | Depths:3 | Found Woqigagg's Pet Rocks.
 72012 | Depths:3 | Received a gift from Okawaru
 72770 | Depths:4 | Received a gift from Okawaru
 72775 | Depths:4 | Found a one-way gate to the infinite horrors of the Abyss.
 73024 | Depths:4 | Reached skill level 15 in Dodging
 73308 | Depths:4 | Identified the +5 long sword of the Salmon {freeze, *Drain
                  | rElec Dex+10 Stlth+} (Okawaru gifted it to you on level 4
                  | of the Depths)
 73427 | Depths:4 | Identified the +7 falchion of the Secret Gods {slice, rElec
                  | Str+3}
 73627 | Depths:4 | Received a gift from Okawaru
 74319 | Depths:5 | Entered Level 5 of the Depths
 74572 | Depths:5 | Noticed a juggernaut
 74591 | Depths:5 | Killed a juggernaut
 74663 | Depths:5 | Received a gift from Okawaru
 74775 | Depths:5 | Found Reovuos's Magic Scroll Shop.
 74779 | Depths:5 | Found Onageam's Antique Armour Boutique.
 74780 | Depths:5 | Found Vecureqehu's Weapon Shop.
 74795 | Depths:5 | Bought a scroll of acquirement for 884 gold pieces
 74795 | Depths:5 | Bought a scroll of remove curse for 51 gold pieces
 74795 | Depths:5 | Bought a scroll of fear for 59 gold pieces
 74795 | Depths:5 | Bought a scroll of identify for 34 gold pieces
 74795 | Depths:5 | Bought a scroll of identify for 34 gold pieces
 74795 | Depths:5 | Bought a scroll of magic mapping for 59 gold pieces
 74795 | Depths:5 | Bought a scroll of fog for 34 gold pieces
 74795 | Depths:5 | Bought a scroll of identify for 34 gold pieces
 74795 | Depths:5 | Bought a scroll of teleportation for 51 gold pieces
 74795 | Depths:5 | Bought a scroll of identify for 34 gold pieces
 74795 | Depths:5 | Bought a scroll of teleportation for 51 gold pieces
 74795 | Depths:5 | Bought a scroll of identify for 34 gold pieces
 75214 | Depths:5 | Received a gift from Okawaru
 75579 | Depths:5 | Found a gate to the Realm of Zot.
 76209 | Depths:1 | Learned a level 3 spell: Portal Projectile
 76215 | Depths:1 | Learned a level 5 spell: Summon Demon
 76344 | Depths:4 | Voluntarily entered the Abyss.
 76605 | Abyss:2  | Noticed an ancient lich
 76616 | Abyss:2  | Killed an ancient lich
 76991 | Abyss:2  | Reached skill level 10 in Summonings
 77647 | Abyss:3  | Received a gift from Okawaru
 77955 | Abyss:4  | Got an abyssal rune of Zot
 78136 | Abyss:4  | Gained mutation: Your spells are a little easier to cast,
                  | but a little less powerful. [a neqoxec]
 78522 | Abyss:4  | Lost mutation: Your spells are a little easier to cast, but
                  | a little less powerful. [potion of mutation]
 78522 | Abyss:4  | Gained mutation: You tend to lose your temper in combat.
                  | [potion of mutation]
 78534 | Depths:4 | Escaped the Abyss
 78623 | Depths:1 | Bought a potion of mutation for 176 gold pieces
 78623 | Depths:1 | Lost mutation: You tend to lose your temper in combat.
                  | [potion of mutation]
 78623 | Depths:1 | Gained mutation: You are frail. (-10% HP) [potion of
                  | mutation]
 78897 | Vaults:5 | Lost mutation: You are frail. (-10% HP) [potion of
                  | mutation]
 78897 | Vaults:5 | Gained mutation: Your spells are a little easier to cast,
                  | but a little less powerful. [potion of mutation]
 78926 | Vaults:5 | Lost mutation: Your spells are a little easier to cast, but
                  | a little less powerful. [potion of mutation]
 78926 | Vaults:5 | Gained mutation: Armour fits poorly on your strangely
                  | shaped body. [potion of mutation]
 78926 | Vaults:5 | Gained mutation: Your mind is acute. (Int +2) [potion of
                  | mutation]
 78977 | Vaults:5 | Lost mutation: Your mind is acute. (Int +2) [potion of
                  | mutation]
 78977 | Vaults:5 | Lost mutation: Armour fits poorly on your strangely shaped
                  | body. [potion of mutation]
 78977 | Vaults:5 | Gained mutation: Armour fits poorly on your strangely
                  | shaped body. [potion of mutation]
 78977 | Vaults:5 | Gained mutation: You have a pair of small horns on your
                  | head. [potion of mutation]
 79369 | Zot:1    | Entered Level 1 of the Realm of Zot
 79796 | Zot:1    | Received a gift from Okawaru
 80395 | Zot:1    | Reached skill level 10 in Spellcasting
 80404 | Zot:1    | Received a gift from Okawaru
 80556 | Zot:2    | Received a gift from Okawaru
 80584 | Zot:2    | Got jewelled quicksilver dragon scales {god gift}
 80595 | Zot:2    | Identified the quicksilver dragon scales of Winter {-Tele
                  | rElec rN++ MR+ Regen+} (Okawaru gifted it to you on level 2
                  | of the Realm of Zot)
 80699 | Zot:2    | Reached skill level 15 in Armour
 81249 | Zot:2    | Noticed a Killer Klown
 81271 | Zot:2    | Killed a Killer Klown
 81462 | Zot:3    | You fall through a shaft!
 81710 | Zot:3    | Noticed a Killer Klown
 81721 | Zot:3    | Killed a Killer Klown
 81910 | Zot:3    | You fall through a shaft!
 82153 | Zot:4    | Identified the +0 ring mail of Untruth {Int+4} (You found
                  | it on level 4 of the Realm of Zot)
 82631 | Zot:4    | Received a gift from Okawaru
 83321 | Zot:5    | Entered Level 5 of the Realm of Zot
 83637 | Zig:1    | Entered Level 1 of a ziggurat
 83736 | Zig:2    | Entered Level 2 of a ziggurat
 83777 | Zig:3    | Entered Level 3 of a ziggurat
 83857 | Zig:3    | Identified the +13 chain mail of a bailey {Regen+ rCorr}
                  | (You found it on level 3 of a ziggurat)
 83864 | Zig:3    | Identified the +4 ring mail "Hioditenu" {*Contam Str+4
                  | Int+8 SInv} (You found it on level 3 of a ziggurat)
 83875 | Zig:4    | Entered Level 4 of a ziggurat
 83944 | Zig:4    | Identified the +2 pair of gloves of Loss {*Corrode rPois
                  | MR++ MP+9} (You found it on level 4 of a ziggurat)
 83955 | Zig:5    | Entered Level 5 of a ziggurat
 84096 | Zig:6    | Entered Level 6 of a ziggurat
 84393 | Zig:7    | Entered Level 7 of a ziggurat
 84548 | Zig:7    | Identified Kaezyn's Grimoire of Evil and Curses
 84563 | Zig:8    | Entered Level 8 of a ziggurat
 84756 | Zig:9    | Entered Level 9 of a ziggurat
 84832 | Zig:9    | Received a gift from Okawaru
 84872 | Zig:9    | Identified Dispater's Almanac of Clay
 84886 | Zig:9    | Identified the Incunabulum of the Dragon
 85019 | Zig:10   | Entered Level 10 of a ziggurat
 85151 | Zig:10   | Lost mutation: You have a pair of small horns on your head.
                  | [potion of mutation]
 85151 | Zig:10   | Lost mutation: Armour fits poorly on your strangely shaped
                  | body. [potion of mutation]
 85151 | Zig:10   | Gained mutation: Your spells are a little easier to cast,
                  | but a little less powerful. [potion of mutation]
 85154 | Zig:10   | Identified the amulet of False Pretenses {Acrobat rN+
                  | Str+4} (You found it on level 10 of a ziggurat)
 85163 | Zig:10   | Identified Zeocsoydgh's Incunabulum of the Glacier and
                  | Protection
 85182 | Zig:11   | Entered Level 11 of a ziggurat
 85317 | Zig:11   | Identified the Volume of Toxic Glamour
 85334 | Zig:11   | Identified the ring "Diusoaq" {Ice rElec rPois MP+9 Dex-3}
                  | (You found it on level 11 of a ziggurat)
 85360 | Zig:12   | Entered Level 12 of a ziggurat
 85370 | Zig:12   | Noticed a greater mummy
 85379 | Zig:12   | Noticed a greater mummy
 85380 | Zig:12   | Noticed a greater mummy
 85392 | Zig:12   | Killed a greater mummy
 85393 | Zig:12   | Noticed a greater mummy
 85393 | Zig:12   | Noticed a greater mummy
 85401 | Zig:13   | Entered Level 13 of a ziggurat
 85644 | Zig:13   | Received a gift from Okawaru
 85895 | Zig:13   | Identified the Incunabulum of Assistive Attacks
 85898 | Zig:13   | Identified Liqifano's Volume of Unstable Curses
 85901 | Zig:13   | Identified the cursed +1 hunting sling "Yveeqob" {velocity,
                  | +Blink rElec rN+ MR-} (You found it on level 13 of a
                  | ziggurat)
 85905 | Zig:14   | Entered Level 14 of a ziggurat
 85938 | Zig:14   | Noticed a juggernaut
 85947 | Zig:14   | Learned a level 1 spell: Apportation
 85952 | Zig:14   | Learned a level 4 spell: Passage of Golubria
 85960 | Zig:14   | Learned a level 2 spell: Swiftness
 85965 | Zig:14   | Learned a level 4 spell: Summon Lightning Spire
 85972 | Zig:14   | Learned a level 6 spell: Shadow Creatures
 86003 | Zig:14   | Noticed a juggernaut
 86034 | Zig:14   | Killed a juggernaut
 86042 | Zig:14   | Noticed a juggernaut
 86042 | Zig:14   | Noticed a juggernaut
 86061 | Zig:14   | Reached skill level 5 in Short Blades
 86080 | Depths:2 | Killed a juggernaut
 86080 | Depths:2 | Received a gift from Okawaru
 86499 | Zot:3    | Noticed a Killer Klown
 86509 | Zot:3    | Noticed a juggernaut
 86509 | Zot:3    | a Killer Klown changed into a juggernaut
 86527 | Zot:3    | Killed a juggernaut
 86527 | Zot:3    | Received a gift from Okawaru
 86552 | Zot:3    | Received a gift from Okawaru
 86674 | Zot:3    | Received a gift from Okawaru
 86785 | Zot:3    | Identified the ring "Dehiuhodgh" {*Corrode rF+ Str+5 Int-2
                  | Dex+2 Stlth+} (You acquired it on level 3 of the Realm of
                  | Zot)
 87988 | Zot:5    | Received a gift from Okawaru
 88016 | Zot:5    | Noticed an ancient lich
 88023 | Zot:5    | Noticed a Killer Klown
 88029 | Zot:5    | a Killer Klown changed into a titan
 88035 | Zot:5    | Killed an ancient lich
 88058 | Zot:5    | Noticed a Killer Klown
 88105 | Zot:5    | Received a gift from Okawaru
 88305 | Zot:5    | Killed a Killer Klown
 88368 | Zot:5    | Noticed an orb of fire
 88396 | Zot:5    | Received a gift from Okawaru
 88415 | Zot:5    | Noticed an ancient lich
 88434 | Zot:5    | Killed an orb of fire
 88434 | Zot:5    | Received a gift from Okawaru
 88441 | Zot:5    | Killed an ancient lich
 88442 | Zot:5    | Noticed an ancient lich
 88454 | Zot:5    | Killed an ancient lich
 88573 | Zot:5    | Received a gift from Okawaru
 88611 | Zot:5    | Received a gift from Okawaru
 88675 | Zot:5    | Noticed an orb of fire
 88716 | Zot:5    | Killed an orb of fire
 88717 | Zot:5    | Noticed an ancient lich
 88719 | Zot:5    | Noticed a Killer Klown
 88724 | Zot:5    | Received a gift from Okawaru
 88727 | Zot:5    | Paralysed by an ancient lich for 7 turns
 88736 | Zot:5    | Noticed a Killer Klown
 88748 | Zot:5    | Noticed an ancient lich
 88756 | Zot:5    | Killed an ancient lich
 88756 | Zot:5    | Received a gift from Okawaru
 88768 | Zot:5    | Killed an ancient lich
 88946 | Zot:5    | Killed a Killer Klown
 89034 | Zot:5    | Noticed an ancient lich
 89046 | Zot:5    | Killed an ancient lich
 89046 | Zot:5    | Received a gift from Okawaru
 89077 | Zot:5    | Noticed an ancient lich
 89096 | Zot:5    | Received a gift from Okawaru
 89139 | Zot:5    | Noticed an ancient lich
 89146 | Zot:5    | Killed an ancient lich
 89146 | Zot:5    | Received a gift from Okawaru
 89156 | Zot:5    | Killed an ancient lich
 89156 | Zot:5    | Received a gift from Okawaru
 89244 | Zot:5    | Killed a Killer Klown
 89244 | Zot:5    | Received a gift from Okawaru
 89318 | Zot:5    | Got the Orb of Zot
 89758 | D:9      | Noticed Jawenk the pandemonium lord
 89923 | D:4      | Noticed Pevvef the pandemonium lord
 90041 | D:$      | Escaped with the Orb!

Skill      XL: |  1  2  3  4  5  6  7  8  9 10 11 12 13 14 15 16 17 18 19 20 21 22 23 24 25 26 27 |
---------------+----------------------------------------------------------------------------------+-----
Fighting       | 2 3 4 7 8 10 12 13 14 15 16 18 19 20 21 | 21.7
Slings         | 6 7 8 10 11 12 14 | 14.0
Armour         | 1 2 4 5 6 7 8 9 10 12 13 17 | 17.1
Stealth        | 2 4 5 7 8 9 10 12 13 14 | 14.7
Dodging        | 3 4 5 6 7 8 10 12 13 14 23 | 23.6
Invocations    | 3 5 6 7 8 |  8.0
Evocations     | 1 2 3 4 |  4.1
Shields        | 4 5 6 13 17 20 23 | 23.9
Short Blades   | 2 5 |  5.3
Spellcasting   | 1 2 4 6 14 | 14.5
Summonings     | 1 4 7 14 | 14.3
Charms         | 6 7 |  7.7
Necromancy     | 4 5 6 |  6.2
Translocations | 6 |  6.6

Action                   |  1- 3 |  4- 6 |  7- 9 | 10-12 | 13-15 | 16-18 | 19-21 | 22-24 | 25-27 || total
-------------------------+-------+-------+-------+-------+-------+-------+-------+-------+-------++-------
Melee: Hunting sling     |       |       |     3 |     1 |       |     1 |     5 |       |       ||    10
       Short sword       |       |       |     4 |       |       |       |     7 |       |    41 ||    52
       Dagger            |       |       |       |       |   197 |       |       |       |       ||   197
       Fustibalus        |       |       |       |       |       |       |     3 |       |     1 ||     4
 Fire: Hunting sling     |    89 |   319 |   529 |  1125 |   672 |  1327 |   434 |     5 |       ||  4500
       Fustibalus        |       |       |       |       |   245 |  1095 |  1864 |  1813 |  5628 || 10645
Throw: Tomahawk          |       |       |     8 |       |       |       |       |       |    11 ||    19
 Cast: Regeneration      |       |       |       |       |       |       |       |       |    33 ||    33
       Summon Demon      |       |       |       |       |       |       |       |       |    15 ||    15
       Blink             |       |       |       |       |       |       |       |       |    13 ||    13
       Portal Projectile |       |       |       |       |       |       |       |       |     7 ||     7
       Summon Lightning  |       |       |       |       |       |       |       |       |     2 ||     2
       Apportation       |       |       |       |       |       |       |       |       |     1 ||     1
       Shadow Creatures  |       |       |       |       |       |       |       |       |     1 ||     1
       Passage of Golubr |       |       |       |       |       |       |       |       |     1 ||     1
       Aura of Abjuratio |       |       |       |       |       |       |       |       |     1 ||     1
Invok: Heroism           |       |       |       |     8 |    15 |    32 |    21 |    11 |    39 ||   126
       Finesse           |       |       |       |     1 |     4 |     7 |     4 |       |    11 ||    27
 Abil: Evoke Invisibilit |       |       |       |       |       |       |     1 |       |       ||     1
       Evoke Blink       |       |       |       |       |       |       |       |     6 |       ||     6
Evoke: Wand              |       |       |       |     1 |    13 |     5 |    44 |       |    10 ||    73
  Use: Scroll            |       |     6 |     7 |     5 |    17 |    17 |    26 |    20 |    68 ||   166
       Potion            |       |     3 |     1 |     2 |     5 |     6 |     1 |     4 |    35 ||    57
  Eat: Chunk             |       |     5 |    14 |    22 |    20 |     7 |    16 |     9 |    15 ||   108
       Ration            |       |     1 |       |     1 |     3 |     9 |     8 |     4 |    21 ||    47
Armor: Leather armour    |     3 |     1 |       |       |       |       |       |       |       ||     4
       Chain mail        |     3 |       |       |       |       |   214 |    55 |       |   164 ||   436
       Ring mail         |       |    28 |    47 |   106 |       |       |       |       |       ||   181
       Scale mail        |       |       |       |       |    25 |     6 |       |       |       ||    31
       Robe              |       |       |       |       |    23 |     1 |     4 |       |       ||    28
       Swamp dragon scal |       |       |       |       |       |   217 |   199 |       |       ||   416
       Troll leather arm |       |       |       |       |       |       |    75 |   107 |   228 ||   410
       Skin              |       |       |       |       |       |       |       |       |    27 ||    27
       Fire dragon scale |       |       |       |       |       |       |       |       |     1 ||     1
Dodge: Dodged            |    19 |    91 |    97 |   221 |   178 |  1238 |   865 |   523 |  1706 ||  4938
       Deflected         |       |       |       |       |       |       |    14 |    27 |     2 ||    43
Block: Buckler           |       |       |       |       |    79 |   505 |   180 |       |       ||   764
       Shield            |       |       |       |       |       |       |   342 |   820 |  2709 ||  3871
       Reflection        |       |       |       |       |       |       |    74 |    88 |    98 ||   260
